 Dungeon Crawl Stone Soup version 0.29-a0-1033-gb6c65ffae6 (webtiles) character file.

Game seed: 1075882594707680643

504 xian the Magician (level 6, -3/42 HPs)
             Began as a Mummy Conjurer on Aug 14, 2022.
             Was a Follower of Vehumet.
             Slain by a gnoll
             ... wielding a +0 spear
             ... led by a gnoll sergeant
              (9 damage)
             ... on level 5 of the Dungeon.
             The game lasted 00:09:50 (4864 turns).

xian the Magician (Mummy Conjurer)                  Turns: 4864, Time: 00:09:51

Health: -3/42      AC:  3    Str: 10    XL:     6   Next: 96%
Magic:  6/16       EV: 12    Int: 20    God:    Vehumet [*.....]
Gold:   248        SH:  0    Dex: 10    Spells: 16/19 levels left

rFire   x . .      SeeInvis .   b - +1 short sword (drain)
rCold   + . .      Faith    +   (no shield)
rNeg    + + +      Spirit   .   a - +0 robe
rPois   ∞          Reflect  .   (no helmet)
rElec   .          Harm     +   (no cloak)
rCorr   +          Rampage  .   l - +0 pair of gloves
Will    .....                   (no boots)
Stlth   +.........              f - amulet of Vucocr Qood {Faith Harm rCorr Slay+6 Stlth-}
HPRegen 0.14/turn               (no ring)
MPRegen 0.15/turn               (no ring)

@: no status effects
A: cold resistance 1, negative energy resistance 3, torment resistance 2, heat
vulnerability 1, in touch with death 1, no potions
a: Renounce Religion


You were on level 5 of the Dungeon.
You worshipped Vehumet.
Vehumet was aware of your devotion.
You visited 1 branch of the dungeon, and saw 5 of its levels.

You collected 248 gold pieces.

Inventory:

Hand Weapons
 b - a +1 short sword of draining (weapon)
Armour
 a - a +0 robe (worn)
 l - a +0 pair of gloves (worn)
Jewellery
 f - the amulet of Vucocr Qood (around neck) {Faith Harm rCorr Slay+6 Stlth-}
   (You found it on level 2 of the Dungeon)

   [amulet of faith]

   It allows you to gain divine favour quickly.
   Slay:      It affects your accuracy & damage with ranged weapons and melee
   (+6).
   rCorr:     It protects you from acid and corrosion.
   Harm:      It increases damage dealt and taken.
   Stlth:     It makes you less stealthy.
 n - a ring of magical power
Wands
 i - a wand of flame (17)
Scrolls
 c - a scroll of magic mapping {unknown}
 d - 2 scrolls of teleportation {unknown}
 e - 2 scrolls of identify {unknown}
 g - a scroll of enchant armour {unknown}
 h - a scroll of brand weapon {unknown}
 k - a scroll of enchant weapon {unknown}
 m - a scroll of vulnerability {unknown}
 o - a scroll of immolation {unknown}
Potions
 j - a potion of degeneration {unknown}


   Skills:
 + Level 0.4 Fighting
 + Level 0.3 Short Blades
 + Level 1.8 Dodging
 + Level 2.0 Stealth
 * Level 7.0 Spellcasting
 + Level 4.3 Conjurations
 * Level 2.2 Necromancy


You had 16 spell levels left.
You knew the following spells:

 Your Spells              Type           Power      Damage    Failure   Level
a - Magic Dart            Conj           96%        1d7       1%          1
b - Searing Ray           Conj           48%        2d6       2%          2

Your spell library contained the following spells:

 Spells                   Type           Power      Damage    Failure   Level
 Freeze                   Ice            28%        1d5       10%         1
 Summon Small Mammal      Summ           28%        N/A       10%         1
 Dazzling Flash           Conj/Hex       30%        N/A       12%         3
 Call Imp                 Summ           7%         N/A       14%         2
 Mephitic Cloud           Conj/Pois/Air  12%        N/A       16%         3
 Call Canine Familiar     Summ           7%         N/A       28%         3
 Summon Guardian Golem    Hex/Summ       7%         N/A       28%         3
 Fulminant Prism          Conj/Hex       7%         3d7       36%         4
 Iskenderun's Mystic Bla  Conj/Tloc      15%        2d5       36%         4


Dungeon Overview and Level Annotations

Branches:
Dungeon (5/15)
 Temple: D:4-7

Altars:
Vehumet
Wu Jian
Yredelemnul

Annotations:
D:4 3 runed translucent doors, Newt's ghost, amateur KoHu


Innate Abilities, Weirdness & Mutations

You are immune to poison.
Your flesh is cold resistant. (rC+)
You are immune to negative energy. (rN+++)
You are immune to unholy pain and torment.
You are vulnerable to heat. (rF-)
You are in touch with the powers of death.
You do not drink.


Message History

Aiming: Searing Ray (safe; 2% risk of failure)
Press: ? - help, Shift-Dir - straight line, f/p - gnoll
Aim: a gnoll, wielding a +0 spear (heavily wounded, 82% to hit)
The searing ray misses the gnoll. (Press . to maintain the ray.)
The gnoll hits you from afar with a +0 spear.
A gnoll comes into view. It is wielding a +0 spear.
Casting: Searing Ray (safe; 2% risk of failure)
Confirm with . or Enter, or press ? or * to list all spells.
Restarting spell: Searing Ray (safe; 2% risk of failure)
Press: ? - help, Shift-Dir - straight line, f - gnoll sergeant, p - gnoll
Aim: a gnoll sergeant, wielding a +0 spear and wearing a +0 scale mail (85% to hit)
The searing ray hits the gnoll.
The gnoll is severely wounded.
The searing ray hits the gnoll sergeant.
The gnoll sergeant is moderately wounded. (Press . to maintain the ray.)
The gnoll shouts!
The gnoll hits you from afar with a +0 spear.
The searing ray hits the gnoll!
You kill the gnoll!
Vehumet accepts your kill.
The searing ray hits the gnoll.
The gnoll is moderately wounded.
The searing ray hits the gnoll sergeant.
The gnoll sergeant is heavily wounded.
A gnoll comes into view. It is wielding a +0 spear.
The gnoll sergeant hits you from afar with a +0 spear!
* * * LOW HITPOINT WARNING * * *
You can't drink.
The gnoll sergeant hits you from afar with a +0 spear.
* * * LOW HITPOINT WARNING * * *
The gnoll closely misses you.
A jackal comes into view.
The jackal barks!
You hear a bark!
The jackal moves out of view.
A jackal comes into view.
A jackal comes into view.
The gnoll hits you from afar with a +0 spear!
You die...

.....#...#...#...#...# .
#.....#.###.#.....# ###.#
#.....##...###...###...##
#...!.#.....#.###.#)....#
#......#...#...#..g#
######.#####...#.g.# #.#
#...#..g# ##.
.#.###.#.....# #.
.###..@###...## ###
#..##...###.. #.. ...# .


hh. ...# ### #..# ### You could see a gnoll sergeant, 2 gnolls and 2 jackals.

Vanquished Creatures
  A phantom (D:4)
  A bullfrog (D:4)
  A scorpion (D:5)
  A jelly (D:4)
  An iguana (D:4)
  Terence (D:3)
  An orc wizard (D:4)
  2 scorpion zombies (D:4)
  2 adders
  4 gnolls
  6 dart slugs
  4 orcs
  5 ball pythons
  4 bats (D:1)
  10 endoplasms
  6 giant cockroaches
  A goblin (D:1)
  10 hobgoblins
  3 jackals (D:1)
  4 quokkas
  4 frilled lizards
  5 kobolds
  2 rats (D:1)
79 creatures vanquished.

Notes
Turn   | Place    | Note
-------+----------+-------------------------------------------
     0 | D:1      | xian the Mummy Conjurer began the quest for the Orb.
     0 | D:1      | Reached XP level 1. HP: 13/13 MP: 4/4
   188 | D:1      | Reached skill level 3 in Spellcasting
   192 | D:1      | Reached XP level 2. HP: 14/19 MP: 0/6
   344 | D:1      | Learned a level 2 spell: Searing Ray
   870 | D:1      | Gained mutation: You are in touch with the powers of death.
                  | [Mummy growth]
   870 | D:1      | Reached XP level 3. HP: 24/24 MP: 4/7
  2050 | D:2      | Identified the amulet of Vucocr Qood {Faith Harm rCorr
                  | Slay+6 Stlth-}
  2587 | D:3      | Found a radiant altar of Vehumet.
  2605 | D:3      | Became a worshipper of Vehumet
  2916 | D:3      | Reached skill level 4 in Spellcasting
  2916 | D:3      | Reached XP level 4. HP: 30/30 MP: 6/10
  2948 | D:3      | Found an ornate altar of the Wu Jian Council.
  3244 | D:3      | Noticed Terence
  3253 | D:3      | Killed Terence
  3573 | D:4      | Reached skill level 5 in Spellcasting
  3703 | D:4      | Reached XP level 5. HP: 35/35 MP: 10/12
  3762 | D:4      | Reached skill level 1 in Necromancy
  3842 | D:4      | Reached * piety under Vehumet
  3842 | D:4      | Offered knowledge of Freeze by Vehumet.
  3850 | D:4      | Noticed a phantom
  3856 | D:4      | Killed a phantom
  3857 | D:4      | Reached skill level 6 in Spellcasting
  3857 | D:4      | Reached XP level 6. HP: 41/41 MP: 10/15
  4164 | D:4      | Found a runed translucent gate.
  4164 | D:4      | Found a runed translucent gate.
  4164 | D:4      | Found a runed translucent gate.
  4164 | D:4      | Noticed Newt's ghost (amateur KoHu)
  4166 | D:4      | Found a basalt altar of Yredelemnul.
  4636 | D:5      | Entered Level 5 of the Dungeon
  4650 | D:5      | Reached skill level 7 in Spellcasting
  4864 | D:5      | Slain by a gnoll

Illustrated notes

Levels and vault maps discovered:
D:1:      heliophobic_arrival_battle_scene, layout_loops_ring,
          minmay_misc_feat_tower
D:2:      layout_basic
D:3:      layout_loops_ring, nicolae_vehumet_altar_sigil,
          nicolae_wu_jian_wuxing_cycle, uniq_terence
D:4:      layout_basic, nicolae_yredelemnul_ghost_church
D:5:      nicolae_cairo_tiling, layout_gridville, dreamdust_gnoll_farm,
          uniq_edmund

Skill      XL: |  1  2  3  4  5  6 |
---------------+-------------------+-----
Spellcasting   | 3 4 5 6 7 |  7.0
Conjurations   | 4 |  4.3
Necromancy     | 1 2 |  2.2
Stealth        | 2 |  2.0
Fighting       | |  0.4
Short Blades   | |  0.3
Dodging        | |  1.8

Action                   |  1- 3 |  4- 6 || total
-------------------------+-------+-------++-------
Melee: Short sword       |     8 |     2 ||    10
 Cast: Magic Dart        |   101 |    48 ||   149
       Searing Ray       |     3 |    18 ||    21
Armor: Robe              |     4 |     6 ||    10
Dodge: Dodged            |    11 |    25 ||    36

Table legend: (Time is in decaauts)
 A = Elapsed time spent in this place.
 B = Non-inter-level travel time spent in this place.
 C = Inter-level travel time spent in this place.
 D = Time resting spent in this place.
 E = Time spent auto-exploring this place.
 F = Levels seen in this place.
 G = Mean time per level.
                   A        B        C        D        E       F      G
               +--------+--------+--------+--------+--------+-----+--------+
         Total |   4863 |   4750 |    113 |      0 |   4310 |   5 |  972.6 |
       Dungeon |   4863 |   4750 |    113 |      0 |   4310 |   5 |  972.6 |
               +--------+--------+--------+--------+--------+-----+--------+

Top non-repeatable levels by time:
     D:1: 1329 daAuts
     D:2: 1138 daAuts
     D:4: 1085 daAuts
     D:3: 1082 daAuts
     D:5: 227 daAuts
